 Dungeon Crawl Stone Soup version 0.19.0-19-g8c6edcc (console) character file.

6470 Kloppie the Cleaver (level 10, -4/85 HPs)
             Began as a Demonspawn Berserker on Nov 14, 2016.
             Was a High Priest of Trog.
             Killed from afar by an ice dragon (24 damage)
             ... with a blast of cold
             ... on level 9 of the Dungeon.
             The game lasted 00:14:23 (7275 turns).

Kloppie the Cleaver (Demonspawn Berserker)          Turns: 7275, Time: 00:14:24

Health: -4/85      AC: 12    Str: 33    XL:     10   Next: 68%
Magic:  10/10      EV: 12    Int:  9    God:    Trog [*****.]
Gold:   434        SH:  6    Dex: 20    Spells: 0 memorised, 9 levels left

rFire  . . .     SeeInvis .     a - +1 broad axe
rCold  . . .     Gourm    .     L - +1 ring mail "Iraepnumoy" {Str+6 Slay+2}
rNeg   . . .     Faith    +     l - +0 buckler
rPois  .         Spirit   .     D - +0 helmet
rElec  .         Reflect  .     q - +1 cloak
rCorr  .         Harm     .     (no gloves)
MR     ++...                    f - +1 pair of boots {Stlth+}
Stlth  ++++......               j - amulet of faith
                                v - +5 ring of strength
                                I - ring of stealth

@: mighty, regenerating
A: thin skeletal structure 2, powered by death 2, powered by pain 2
a: Berserk, Trog's Hand, Brothers in Arms, Burn Spellbooks, Renounce Religion


You were on level 9 of the Dungeon.
You worshipped Trog.
Trog was extremely pleased with you.
You were not hungry.

You visited 1 branch of the dungeon, and saw 9 of its levels.

You collected 458 gold pieces.
You spent 24 gold pieces at shops.

Inventory:

Hand Weapons
 a - a +1 broad axe (weapon)
 y - a +0 hand axe
Armour
 f - a +1 pair of boots of stealth (worn)
 l - a +0 buckler (worn)
 q - a +1 cloak (worn)
 D - a +0 helmet (worn)
 L - the +1 ring mail "Iraepnumoy" (worn) {Str+6 Slay+2}
   (You found it on level 5 of the Dungeon)

   It affects your strength (+6).
   It affects your accuracy and damage with ranged weapons and melee attacks
   (+2).
Jewellery
 i - an uncursed amulet of regeneration {unknown}
 j - an amulet of faith (around neck)
 t - an uncursed amulet of guardian spirit
 v - a +5 ring of strength (right hand)
 I - a ring of stealth (left hand)
Wands
 d - a wand of flame (18/48)
 g - a wand of hasting (5/9)
 x - a wand of disintegration (12/24)
 P - a wand of polymorph (4/24)
Scrolls
 m - 2 scrolls of enchant armour
 r - 2 scrolls of remove curse
 s - 2 scrolls of teleportation
 u - 2 scrolls of enchant weapon
 B - a scroll of blinking
 H - a scroll of magic mapping
Potions
 b - a potion of magic {unknown}
 e - a potion of resistance
 k - a potion of brilliance
 n - 5 potions of curing
 o - 2 potions of cancellation
 w - 2 potions of haste
 z - a potion of might
 A - a potion of heal wounds
 M - 2 potions of agility
 O - 2 potions of mutation
 S - 2 potions of flight
Comestibles
 c - 5 bread rations
 h - 3 meat rations
 p - 2 royal jellies
 E - 3 chunks of flesh
 F - 3 beef jerkies
 N - 2 slices of pizza


   Skills:
 - Level 10.0 Fighting
 + Level 10.9 Axes
 + Level 4.4 Armour
 - Level 1.7 Dodging
 - Level 4.1 Shields


You had 9 spell levels left.
You didn't know any spells.

Dungeon Overview and Level Annotations

Branches:
Dungeon (9/15)             Temple (0/1) D:5
   Lair: D:8-11         Orc: D:9-12

Altars:
Ashenzari
Dithmenos
Elyvilon
Hepliaklqana
Kikubaaqudgha
Okawaru
Sif Muna
Trog
Vehumet
Xom
The Shining One

Shops:
D:8 ?[*


Innate Abilities, Weirdness & Mutations

You have a moderately thin skeletal structure. (Dex +4, Stealth+)
You regenerate health from kills.
You sometimes gain power by taking damage.


Message History

You kill the yak!
Trog accepts your kill. The ice dragon breathes frost at you.
The blast of cold hits you!
Ouch! That really hurt!
* * * LOW HITPOINT WARNING * * *
You focus on the pain.
You feel very mighty all of a sudden.
You hear a horrible gurgling sound!
You hear a deafening roar!
You hear an angry hiss.
You hear a shout!
You hear a croak.
You hear an angry growl.
You are too injured to fight recklessly!
You are too injured to fight recklessly!
You are too injured to fight recklessly!
Your skin crawls.
You feel resistant to hostile enchantments.
You feel somewhat more hungry. The ice dragon breathes frost at you.
The blast of cold hits you!
You die...

#.#.....)....#.#.#.#.#..
#.#.#.#.#.#.#.........#.
#.#.........##.#.#.#.##.
#.#.#.#.#.#.#.........#.
#.#.........##.#.#.#.##.
#.#####.###############.
#.###.....## #.
#.##.......# #.
#.#...#@#...# #.
#.#..##†##..# #. ##.#..
.#D ...D #. #..#. ## ##
.### #. #..#. .# #. #..#
#. #..# #.
#..#####################.
#........................


You could see an ice dragon.

Vanquished Creatures
  Erica (D:8)
  A deep elf mage (D:9)
  A gargoyle (D:9)
  A troll (D:9)
  3 hippogriffs
  A yak (D:9)
  A hungry ghost (D:6)
  Grum (D:8)
  Duvessa (D:4)
  2 orc warriors
  A phantom (D:9)
  2 black bears (D:6)
  A necrophage (D:6)
  4 wolves (D:8)
  4 centaurs
  2 ogres
  2 big kobolds
  2 bullfrogs (D:7)
  A gnoll sergeant (D:5)
  Dowan (D:4)
  A wyvern skeleton (D:6)
  2 scorpions
  3 howler monkeys
  3 crimson imps
  A bullfrog zombie (D:4)
  5 hounds
  2 jellies
  2 centaur skeletons
  A gnoll shaman (D:8)
  9 orc priests
  2 bullfrog skeletons
  21 orc wizards
  Ijyb (D:2)
  2 iguanas
  3 worker ants
  A howler monkey zombie (D:5)
  6 gnolls
  9 adders
  3 shadow imps
  An ooze (D:6)
  2 adder zombies
  4 adder skeletons
  3 worms
  3 dart slugs
  6 leopard geckos
  31 orcs
  2 ball pythons
  6 giant cockroaches
  6 hobgoblins
  19 jackals
  4 quokkas
  3 bats (D:1)
  3 frilled lizards
  6 goblins
  21 kobolds
  A quokka skeleton (D:7)
  6 rats
237 creatures vanquished.

Notes
Turn   | Place    | Note
-------+----------+-------------------------------------------
     0 | D:1      | Kloppie the Demonspawn Berserker began the quest for the Orb.
     0 | D:1      | Reached XP level 1. HP: 18/18 MP: 1/1
   412 | D:1      | Gained mutation: You regenerate a little health from kills. [demonic ancestry]
   412 | D:1      | Reached XP level 2. HP: 16/24 MP: 2/2
   922 | D:2      | Reached XP level 3. HP: 29/29 MP: 3/3
   932 | D:2      | Reached skill level 1 in Shields
  1080 | D:2      | Noticed Ijyb
  1091 | D:2      | Killed Ijyb
  1091 | D:2      | Gained mutation: You sometimes gain a little power by taking damage. [demonic ancestry]
  1091 | D:2      | Reached XP level 4. HP: 35/35 MP: 4/4
  1521 | D:2      | Reached ** piety under Trog
  1994 | D:3      | Gained mutation: You regenerate health from kills. [demonic ancestry]
  1994 | D:3      | Reached XP level 5. HP: 41/41 MP: 5/5
  2730 | D:4      | Found a shadowy altar of Dithmenos.
  2815 | D:4      | Noticed Duvessa
  2815 | D:4      | Noticed Dowan
  2824 | D:4      | Noticed an ogre
  2827 | D:4      | Killed Duvessa
  2827 | D:4      | Gained mutation: You sometimes gain power by taking damage. [demonic ancestry]
  2827 | D:4      | Reached XP level 6. HP: 45/47 MP: 6/6
  2880 | D:4      | Reached skill level 5 in Axes
  2900 | D:4      | Killed Dowan
  3174 | D:4      | Gained mutation: You have a somewhat thin skeletal structure. (Dex +2, Stealth) [demonic ancestry]
  3174 | D:4      | Reached XP level 7. HP: 53/53 MP: 7/7
  3410 | D:4      | Found a radiant altar of Vehumet.
  3412 | D:4      | Identified Vehumet's Handbook of Conjuration
  3415 | D:4      | Found an ancient bone altar of Kikubaaqudgha.
  3416 | D:4      | Found a deep blue altar of Sif Muna.
  3456 | D:4      | Reached *** piety under Trog
  3501 | D:5      | Entered Level 5 of the Dungeon
  3591 | D:5      | Reached skill level 5 in Fighting
  3792 | D:5      | Got a pitted ring mail
  3816 | D:5      | Identified the cursed +1 ring mail "Iraepnumoy" {Str+6 Slay+2} (You found it on level 5 of the Dungeon)
  4033 | D:5      | Reached XP level 8. HP: 63/63 MP: 8/8
  4139 | D:5      | Found a staircase to the Ecumenical Temple.
  4172 | D:6      | Found a bloodstained altar of Trog.
  4310 | D:6      | Reached **** piety under Trog
  4410 | D:6      | Reached XP level 9. HP: 50/72 MP: 9/9
  4588 | D:6      | Found a white marble altar of Elyvilon.
  4603 | D:6      | Received a gift from Trog
  4782 | D:6      | Paralysed by fainting for 5 turns
  5003 | D:6      | Found a bloodstained altar of Trog.
  5004 | D:6      | Found an iron altar of Okawaru.
  5384 | D:7      | Reached ***** piety under Trog
  5868 | D:8      | Noticed Grum
  5910 | D:8      | Killed Grum
  5945 | D:8      | Found Honoskesie's General Store.
  5954 | D:8      | Bought a scroll of identify for 24 gold pieces
  5982 | D:8      | Found Yshut's Armour Shoppe.
  6109 | D:8      | Found Xutuam's Magic Scroll Boutique.
  6229 | D:8      | Gained mutation: You have a moderately thin skeletal structure. (Dex +4, Stealth+) [demonic ancestry]
  6229 | D:8      | Reached XP level 10. HP: 77/83 MP: 10/10
  6261 | D:8      | Found a hazy altar of Hepliaklqana.
  6318 | D:8      | Noticed Erica
  6326 | D:8      | Killed Erica
  6326 | D:8      | Reached skill level 10 in Axes
  6369 | D:8      | Reached skill level 10 in Fighting
  6683 | D:9      | Noticed a deep elf mage
  6688 | D:9      | Noticed a gargoyle
  6703 | D:9      | Killed a gargoyle
  6705 | D:9      | Killed a deep elf mage
  6956 | D:9      | Found a shimmering altar of Xom.
  7109 | D:9      | Found a shattered altar of Ashenzari.
  7112 | D:9      | Found a glowing golden altar of the Shining One.
  7265 | D:9      | Noticed an ice dragon
  7269 | D:9      | Received a gift from Trog
  7275 | D:9      | Killed from afar by an ice dragon

Skill      XL: |  1  2  3  4  5  6  7  8  9 10 |
---------------+-------------------------------+-----
Axes           | 3 4 5 6 8 9 10 | 10.9
Shields        | 1 2 3 4 |  4.1
Fighting       | 5 7 9 10 | 10.0
Armour         | 4 |  4.4
Dodging        | |  1.7

Action                   |  1- 3 |  4- 6 |  7- 9 | 10-12 || total
-------------------------+-------+-------+-------+-------++-------
Melee: Hand axe          |   110 |   209 |   418 |       ||   737
       Broad axe         |       |       |    31 |    78 ||   109
Invok: Berserk           |     1 |     4 |     8 |     1 ||    14
       Trog's Hand       |       |     3 |     3 |     2 ||     8
  Use: Scroll            |       |       |    25 |     3 ||    28
 Stab: Sleeping          |     1 |     5 |     9 |     5 ||    20
       Distracted        |       |       |     2 |       ||     2
  Eat: Chunk             |     1 |    11 |    22 |     5 ||    39
       Pizza             |       |       |     1 |       ||     1
Armor: Leather armour    |    32 |    17 |       |       ||    49
       Animal skin       |     1 |       |       |       ||     1
       Ring mail         |       |    40 |   158 |    24 ||   222
Dodge: Dodged            |    83 |   101 |   232 |    37 ||   453
Block: Buckler           |     6 |    33 |    95 |    31 ||   165
